 Dungeon Crawl Stone Soup version 0.17.1-3-g152610e (webtiles) character file.

271 Gargoyl the Covered (level 6, -3/48 HPs)
             Began as a Demonspawn Abyssal Knight on Apr 8, 2016.
             Was a Priest of Lugonu.
             Slain by Crazy Yiuf
             ... wielding a +4 quarterstaff of chaos
              (7 damage)
             ... on level 3 of the Dungeon.
             The game lasted 00:08:10 (3146 turns).

Gargoyl the Covered (Demonspawn Abyssal Knight)     Turns: 3146, Time: 00:08:11

Health: -3/48      AC: 11    Str: 14      XL:     6   Next: 2%
Magic:  8/8        EV:  7    Int: 11 (14) God:    Lugonu [***...]
Gold:   153        SH:  0    Dex: 12      Spells: 0 memorised, 5 levels left

rFire  . . .     SeeInvis .     t - +0 war axe
rCold  . . .     Clarity  .     s - +0 chain mail
rNeg   . . .     SustAt   .     (no shield)
rPois  .         Gourm    .     o - +0 helmet
rElec  .         Spirit   .     r - +0 cloak
rCorr  .         Warding  .     (no gloves)
rMut   .         Stasis   .     (no boots)
MR     .....                    (no amulet)
Stlth  ..........               (no ring)
                                (no ring)

@: not resistant to hostile enchantments, extremely unstealthy
A: nightstalker 2
a: Depart the Abyss, Bend Space, Banish, Renounce Religion


You were on level 3 of the Dungeon.
You worshipped Lugonu.
Lugonu was most pleased with you.
You were not hungry.

You visited 1 branch of the dungeon, and saw 3 of its levels.
You visited the Abyss 1 time.

You collected 153 gold pieces.

Inventory:

Hand Weapons
 a - a +1 hand axe
 t - a +0 war axe (weapon)
Missiles
 m - 18 poisoned needles
Armour
 o - a +0 helmet (worn)
 r - a +0 cloak (worn)
 s - a +0 chain mail (worn)
Scrolls
 e - 2 scrolls of recharging
 i - a scroll of fear
 p - 2 scrolls of fog
 u - 2 scrolls of identify
Potions
 b - a potion of mutation {unknown}
 j - a potion of might {unknown}
 l - a potion of agility {unknown}
 v - 2 potions of lignification
Books
 h - a book of Debilitation

   Spells                             Type                      Level
   a - Corona                         Hexes                        1
   b - Slow                           Hexes                        2
   c - Gell's Gravitas                Hexes/Translocation          3
   d - Inner Flame                    Hexes/Fire                   3
   e - Cause Fear                     Hexes                        4
   f - Leda's Liquefaction            Hexes/Earth                  4
Comestibles
 c - 3 bread rations
 d - 7 chunks of flesh
 k - a fruit
 q - a royal jelly


   Skills:
 + Level 3.8 Fighting
 + Level 2.7 Axes
 * Level 4.0 Armour
 + Level 2.3 Dodging
 + Level 3.1 Invocations


You had 5 spell levels left.
You didn't know any spells.

Dungeon Overview and Level Annotations

Branches:
Dungeon (3/15)

Altars:
Vehumet

Annotations:
D:3 Crazy Yiuf
Abyss:1 Grinder


Innate Abilities, Weirdness & Mutations

You are significantly more attuned to the shadows.


Message History

Crazy Yiuf burns you.
You slash Crazy Yiuf!
Crazy Yiuf is almost dead.
Crazy Yiuf drinks a potion.
Crazy Yiuf is healed!
Crazy Yiuf hits you with a quarterstaff of chaos.
Space bends around you.
You barely miss Crazy Yiuf.
Crazy Yiuf sings, "Trees, trees, trees, circus!"
Crazy Yiuf hits you but does no damage.
Your chain mail prevents you from hitting Crazy Yiuf.
Crazy Yiuf hits you with a quarterstaff of chaos!
You hit Crazy Yiuf but do no damage. Crazy Yiuf barely misses you.
You closely miss Crazy Yiuf. Crazy Yiuf completely misses you.
You hit Crazy Yiuf.
Crazy Yiuf is lightly wounded.
Crazy Yiuf hits you with a quarterstaff of chaos.
You are electrocuted!
* * * LOW HITPOINT WARNING * * *
Crazy Yiuf hits you with a quarterstaff of chaos!
You die...

##...## ......##
.......# .......#
.......# #.)†(.##
♣♣♣♣♣## ##...##
#### ♣♣♣.♣...###
..#..#
#...#♣..♣......##
..#..##
#..g@.♣♣♣♣......#
#.#...# #)..#♣♣
♣♣..#..#
#.##..### ####
♣♣##†.# ........
#.## #..#..#. #
#.# ###
......###.# ####
#># ##..
.......... #..#
#.###.##
##.#...##### #..#
#.....#
............ #..#
#####.##


You could see Crazy Yiuf.

Vanquished Creatures
  Robin (D:3)
  An adder (D:2)
  2 worms (D:2)
  7 giant geckos
  An orc (D:3)
  12 bats
  4 giant cockroaches (D:2)
  16 goblins
  10 hobgoblins
  6 giant newts
  3 jackals (D:1)
  7 kobolds
  14 rats
  A plant (D:1)
85 creatures vanquished.

Vanquished Creatures (others)
  2 kobolds (D:3)
  A rat (D:3)
  2 starspawn tentacles (Abyss:3)
  31 starspawn tentacle segments (Abyss:3)
36 creatures vanquished.

Grand Total: 121 creatures vanquished

Notes
Turn   | Place    | Note
--------------------------------------------------------------
     0 | Abyss:1  | Gargoyl the Demonspawn Abyssal Knight began the quest for the Orb.
     0 | Abyss:1  | Reached XP level 1. HP: 18/18 MP: 2/2
    68 | Abyss:2  | Found a corrupted altar of Lugonu.
    96 | Abyss:2  | Noticed a quicksilver dragon
   132 | Abyss:3  | Noticed a tentacled starspawn
   162 | Abyss:3  | Noticed a sixfirhy
   163 | D:1      | Escaped the Abyss
   260 | D:1      | Reached * piety under Lugonu
   353 | D:1      | Reached skill level 1 in Dodging
   354 | D:1      | Gained mutation: You are slightly more attuned to the shadows. [demonic ancestry]
   354 | D:1      | Reached XP level 2. HP: 20/24 MP: 3/3
  1215 | D:2      | Identified a +2 rod of inaccuracy (13/13) (You found it on level 2 of the Dungeon)
  1237 | D:2      | Reached XP level 3. HP: 25/29 MP: 5/5
  1247 | D:2      | Found a faded altar to an unknown god.
  1311 | D:2      | Reached ** piety under Lugonu
  2127 | D:2      | Reached XP level 4. HP: 35/35 MP: 6/6
  2265 | D:3      | Found a radiant altar of Vehumet.
  2552 | D:3      | Reached *** piety under Lugonu
  2574 | D:3      | Noticed Grinder
  2574 | D:3      | Paralysed by Grinder for 2 turns
  2579 | D:3      | Paralysed by Grinder for 5 turns
  2588 | D:3      | Paralysed by Grinder for 5 turns
  2634 | D:3      | Paralysed by Grinder for 2 turns
  2636 | D:3      | HP: 1/35 [Grinder/nerve-wracking pain (9)]
  2639 | D:3      | Banished Grinder
  2639 | D:3      | Gained mutation: You are significantly more attuned to the shadows. [demonic ancestry]
  2639 | D:3      | Reached XP level 5. HP: 9/42 MP: 7/7
  2969 | D:3      | Noticed Robin
  2987 | D:3      | Killed Robin
  2987 | D:3      | Reached XP level 6. HP: 30/48 MP: 8/8
  3124 | D:3      | Reached skill level 4 in Armour
  3138 | D:3      | Noticed Crazy Yiuf
  3146 | D:3      | Slain by Crazy Yiuf

Action                   |  1- 3 |  4- 6 || total
-------------------------+-------+-------++-------
Melee: Hand axe          |   237 |    64 ||   301
       War axe           |       |    66 ||    66
Invok: Depart the Abyss  |     1 |       ||     1
       Banish            |       |     1 ||     1
  Use: Scroll            |     8 |     2 ||    10
       Potion            |     2 |     6 ||     8
  Eat: Chunk             |     4 |     4 ||     8
